 Dungeon Crawl Stone Soup version 0.17.1-1-g73c8601 (webtiles) character file.

4490 Implojin the Grappler (level 10, -8/121 HPs)
             Began as a Deep Dwarf Berserker on Apr 8, 2016.
             Was a Priest of Trog.
             Mangled by a hill giant
             ... wielding a +0 giant club
              (25 damage)
             ... on level 10 of the Dungeon.
             The game lasted 00:14:52 (2070 turns).

Implojin the Grappler (Deep Dwarf Berserker)        Turns: 2070, Time: 00:14:52

Health: -8/121     AC:  7    Str: 25    XL:     10   Next: 16%
Magic:  6/6        EV: 12    Int:  9    God:    Trog [***...]
Gold:   105        SH:  0    Dex: 15    Spells: 0 memorised, 9 levels left

rFire  . . .     SeeInvis .       - Unarmed
rCold  . . .     Clarity  .     f - +3 leather armour
rNeg   . . .     SustAt   .     (no shield)
rPois  .         Gourm    .     (no helmet)
rElec  .         Spirit   .     (no cloak)
rCorr  .         Warding  .     (no gloves)
rMut   .         Stasis   .     j - +0 pair of boots
MR     +....                    (no amulet)
Stlth  ..........               (no ring)
                                (no ring)

@: berserking (expiring), non-regenerating, very quick, somewhat resistant to
hostile enchantments, extremely unstealthy
A: damage resistance, recharge devices, sense surroundings 2, slow regeneration
3
a: Device Recharging, Berserk, Trog's Hand, Burn Spellbooks, Renounce Religion


You were on level 10 of the Dungeon.
You worshipped Trog.
Trog was most pleased with you.
You were not hungry.

You visited 1 branch of the dungeon, and saw 10 of its levels.
You also visited: Ossuary.

You collected 105 gold pieces.

Inventory:

Missiles
 g - 3 tomahawks (quivered)
 x - 7 javelins
Armour
 f - a +3 leather armour (worn)
 j - a +0 pair of boots (worn)
Magical Staves
 d - a cursed staff of fire {unknown}
Wands
 a - a wand of teleportation (6)
 b - a wand of heal wounds (1)
 q - a wand of random effects (15)
 r - a wand of frost (33)
Scrolls
 h - a scroll of magic mapping
 k - a scroll of enchant weapon {unknown}
 p - 2 scrolls of immolation {unknown}
 s - a scroll of random uselessness {unknown}
 t - 2 scrolls of teleportation
 w - 3 scrolls of remove curse {unknown}
 y - a scroll of enchant armour {unknown}
 z - a scroll of identify
Potions
 e - a potion of degeneration
 i - 2 potions of curing {unknown}
 l - a potion of might {unknown}
 m - 2 potions of ambrosia {unknown}
 n - 2 potions of agility {unknown}
 o - a potion of invisibility {unknown}
 u - a potion of flight {unknown}
 v - a potion of cure mutation {unknown}
 A - a potion of magic {unknown}
 C - a potion of mutation {unknown}
Comestibles
 c - 3 bread rations
 B - a chunk of flesh


   Skills:
 - Level 2.6 Fighting
 - Level 2.1 Armour
 - Level 2.1 Dodging
 * Level 13.4 Unarmed Combat


You had 9 spell levels left.
You didn't know any spells.

Dungeon Overview and Level Annotations

Branches:
Dungeon (10/15)
 Temple: D:4-7         Lair: D:8-11         Orc: D:9-12

Altars:
Elyvilon
Gozag
Makhleb
Xom

Shops:
D:4 *   D:8 %


Innate Abilities, Weirdness & Mutations

You are resistant to damage.
You can recharge devices by infusing magical energy.
You passively map the area around you.
You do not regenerate naturally.


Message History

An orc comes into view.
A red film seems to cover your vision as you go berserk!
You feel yourself moving faster!
You feel mighty!
You feel somewhat more hungry.
The orc shouts!
The orc moves out of view.
The orc warrior hits you with a long sword!!
* * * LOW HITPOINT WARNING * * *
You hear a shout!
You barely miss the orc warrior.
You hear a shout!
You closely miss the orc warrior. You punch the orc warrior!
The orc warrior is moderately wounded.
The orc warrior hits you with a long sword!
* * * LOW HITPOINT WARNING * * *
You barely miss the orc warrior.
The orc warrior is moderately wounded.
You punch the orc warrior!
The orc warrior is severely wounded.
You hit the orc warrior but do no damage.
The orc warrior is severely wounded.
The orc warrior closely misses you.
You pummel the orc warrior!!
You kill the orc warrior!
Trog accepts your kill. The orc hits you.
* * * LOW HITPOINT WARNING * * *
An orc comes into view. It is wielding a trident.
Things that are here:
a long sword; a chain mail; an orc corpse You pummel the orc!!
You kill the orc!
Trog accepts your kill.
The hill giant shouts!
You feel a strong urge to attack something.
You barely miss the hill giant. You punch the hill giant.
The hill giant is lightly wounded.
The orc hits you but does no damage.
The hill giant hits you with a giant club!!
You die...

, * ,* * ..* , * #. *
###### ##.. *, #....#
#.... ,* #.##.#
#...###*
###.##.##.#...o.#
#...##.##.....C.######
#.####..C.#,, #@#....#
### #(#
####.#,,*#)#.##.# #<#
#.# .., #.#.##.# #.#
#.# ,* ,,..##....#.#
#.# #(# ,
.#######.###.# #.# ,*
............# #.# ,
######..##### #.#*
,,..######..# ##.# ,
..........#


You could see a hill giant and an orc.

Vanquished Creatures
  Josephine (D:10)
  The ghost of Implojin the Cleaver, an amateur DDBe of Trog (D:6)
  A two-headed ogre (D:5)
  3 wraiths (D:10)
  A wyvern (D:10)
  2 hungry ghosts
  A necrophage (D:9)
  An orc warrior (D:10)
  4 ogres
  2 phantoms (D:9)
  2 black bears
  An ice beast (D:10)
  Blork the orc (D:4)
  2 elf zombies (Ossuary)
  A giant frog (D:10)
  A wyvern zombie (D:9)
  2 big kobolds
  8 killer bees
  A human zombie (Ossuary)
  A crimson imp (D:9)
  2 orc priests (D:9)
  4 orc wizards
  A giant frog skeleton (D:4)
  3 iguanas
  3 worker ants
  5 hounds
  3 big kobold zombies (Ossuary)
  2 mummies (Ossuary)
  4 adders
  An ooze (D:4)
  2 adder zombies (Ossuary)
  2 worms
  2 giant geckos
  10 orcs
  3 jackals (D:2)
  3 giant cockroaches
  A giant newt (D:5)
  A goblin zombie (Ossuary)
  9 hobgoblin zombies (Ossuary)
  A jackal zombie (Ossuary)
  11 kobolds
  5 kobold zombies (Ossuary)
  6 orc zombies (Ossuary)
  A quokka (D:5)
  3 rat zombies (Ossuary)
125 creatures vanquished.

Notes
Turn   | Place    | Note
--------------------------------------------------------------
     0 | D:1      | Implojin the Deep Dwarf Berserker began the quest for the Orb.
     0 | D:1      | Reached XP level 1. HP: 20/20 MP: 1/1
    54 | D:2      | Reached skill level 3 in Unarmed Combat
    87 | D:3      | Noticed a worker ant
    92 | D:3      | Killed a worker ant
    92 | D:3      | Reached XP level 2. HP: 27/27 MP: 2/2
    92 | D:3      | Reached XP level 3. HP: 33/33 MP: 3/3
   144 | D:3      | Reached skill level 4 in Unarmed Combat
   216 | D:4      | Noticed an ogre
   231 | D:4      | Killed an ogre
   231 | D:4      | Reached skill level 5 in Unarmed Combat
   231 | D:4      | Reached XP level 4. HP: 7/40 MP: 4/4
   231 | D:4      | Reached XP level 5. HP: 8/46 MP: 5/5
   249 | D:4      | Found Gozag's Platinum Reserve.
   249 | D:4      | Found an opulent altar of Gozag.
   299 | D:4      | Found a burning altar of Makhleb.
   309 | D:4      | Found a white marble altar of Elyvilon.
   337 | D:4      | Noticed an ogre
   344 | D:4      | Killed an ogre
   344 | D:4      | Reached skill level 6 in Unarmed Combat
   414 | D:4      | Noticed an ogre
   416 | D:4      | Noticed Blork the orc
   421 | D:4      | Reached XP level 6. HP: 55/55 MP: 6/6
   426 | D:4      | Killed an ogre
   440 | D:4      | Killed Blork the orc
   440 | D:4      | Reached ** piety under Trog
   574 | D:4      | Reached skill level 7 in Unarmed Combat
   586 | D:5      | Entered Level 5 of the Dungeon
   586 | D:5      | Noticed a two-headed ogre
   608 | D:5      | Killed a two-headed ogre
   608 | D:5      | Reached XP level 7. HP: 61/61 MP: 7/7
   610 | D:5      | Reached skill level 8 in Unarmed Combat
   639 | D:5      | Found a shimmering altar of Xom.
   844 | D:6      | Reached skill level 9 in Unarmed Combat
   844 | D:6      | Reached XP level 8. HP: 53/68 MP: 8/8
   976 | D:7      | Found a sand-covered staircase.
   981 | Ossuary  | Entered an ossuary
  1202 | Ossuary  | Reached skill level 10 in Unarmed Combat
  1290 | D:6      | Noticed Implojin's ghost (amateur DDBe)
  1306 | D:6      | Killed Implojin's ghost
  1397 | D:7      | You fall through a shaft for 3 floors!
  1397 | D:10     | Entered Level 10 of the Dungeon
  1449 | D:10     | Noticed Josephine
  1468 | D:10     | Killed Josephine
  1468 | D:10     | Reached skill level 11 in Unarmed Combat
  1468 | D:10     | Gained mutation: You passively map the area around you. [Deep Dwarf growth]
  1468 | D:10     | Reached XP level 9. HP: 70/74 MP: 7/7
  1489 | D:10     | Reached skill level 12 in Unarmed Combat
  1533 | D:10     | Noticed a hill giant
  1783 | D:9      | Reached skill level 13 in Unarmed Combat
  1837 | D:9      | Reached XP level 10. HP: 29/81 MP: 7/7
  1916 | D:8      | Found Vishavets's Food Boutique.
  2017 | D:8      | Reached *** piety under Trog
  2070 | D:10     | Mangled by a hill giant

Action                   |  1- 3 |  4- 6 |  7- 9 | 10-12 || total
-------------------------+-------+-------+-------+-------++-------
Melee: Unarmed           |    53 |    44 |   388 |    75 ||   560
Throw: Tomahawk          |       |     1 |     3 |       ||     4
Invok: Berserk           |     2 |     3 |     7 |     1 ||    13
       Burn Spellbooks   |       |       |     1 |       ||     1
       Trog's Hand       |       |       |     3 |     1 ||     4
 Abil: Device Recharging |       |       |     3 |     1 ||     4
Evoke: Wand              |       |     2 |    11 |     2 ||    15
  Use: Scroll            |       |     3 |     1 |       ||     4
 Stab: Sleeping          |     1 |       |     1 |     1 ||     3
  Eat: Chunk             |       |     3 |     7 |     3 ||    13
       Bread ration      |       |       |     2 |       ||     2
       Pizza             |       |       |     1 |       ||     1

Table legend:
 A = Turns spent in this place as a percentage of turns spent in the entire game.
 B = Non-inter-level travel turns spent in this place as a percentage of non-inter-level travel turns spent in the entire game.
 C = Inter-level travel turns spent in this place as a percentage of turns spent in this place.
 D = Turns resting spent in this place as a percentage of non-inter-level travel turns spent in this place.
 E = Turns spent auto-exploring this place as a percentage of non-inter-level travel turns spent in this place.
 F = Non-inter-level travel turns spent in this place divided by the number of levels of this place that you've seen.
                   A       B       C       D       E      F
               +-------+-------+-------+-------+-------+----------------------
         Total | 100.0 | 100.0 |   0.0 |   0.0 |   0.0 | 187.3
       Dungeon |  87.0 |  87.0 |   0.0 |   0.0 |   0.0 | 179.3
       Ossuary |  13.0 |  13.0 |   0.0 |   0.0 |   0.0 | 267.0
               +-------+-------+-------+-------+-------+----------------------

Table legend:
 A = Kills in this place as a percentage of kills in entire the game.
 B = Kills by you in this place as a percentage of kills by you in the entire game.
 C = Kills by friends in this place as a percentage of kills by friends in the entire game.
 D = Other kills in this place as a percentage of other kills in the entire game.
 E = Experience gained in this place as a percentage of experience gained in the entire game.
 F = Experience gained in this place divided by the number of levels of this place that you have seen.
                   A       B       C       D       E      F
               +-------+-------+-------+-------+-------+----------------------
         Total | 100.0 | 100.0 |  -nan |  -nan | 100.0 | 583.2
       Dungeon |  72.0 |  72.0 |  -nan |  -nan |  94.1 | 603.4
       Ossuary |  28.0 |  28.0 |  -nan |  -nan |   5.9 | 381.0
               +-------+-------+-------+-------+-------+----------------------
